 Dungeon Crawl Stone Soup version 0.25-a0-700-g7f8a7979f0 (webtiles) character file.

Game seed: 16508224343941003343, levelgen mode: deterministic

214 kae the Insei (level 5, -1/40 HPs)
             Began as a Draconian Transmuter on Apr 2, 2020.
             Succumbed to an orc's poison
             ... on level 3 of the Dungeon.
             The game lasted 00:02:22 (1976 turns).

kae the Insei (Draconian Transmuter)                Turns: 1976, Time: 00:02:23

Health: -1/40      AC:  5    Str: 12    XL:     5   Next: 59%
Magic:  5/9        EV: 12    Int: 14    God:
Gold:   27         SH:  0    Dex: 12    Spells: 4/10 levels left

rFire    . . .     SeeInvis .     - Unarmed
rCold    . . .     Gourm    .   (no shield)
rNeg     . . .     Faith    .   (armour unavailable)
rPois    .         Spirit   .   (helmet restricted)
rElec    .         Reflect  .   (no cloak)
rCorr    .         Harm     .   (no gloves)
MR       .....                  (no boots)
Stlth    +.........             (no amulet)
HPRegen  0.13/turn              (no ring)
MPRegen  0.11/turn              (no ring)

@: lethally poisoned (-1 -> -35), very slightly contaminated, hasted, very quick
A: unfitting armour, cold-blooded, AC +5
a: no special abilities


You were on level 3 of the Dungeon.
You were very hungry.

You visited 1 branch of the dungeon, and saw 4 of its levels.

You collected 27 gold pieces.

Inventory:

Missiles
 a - 63 arrows
Jewellery
 f - an uncursed ring of flight {unknown}
 g - a +3 amulet of reflection {unknown}
 h - an uncursed amulet of the acrobat {unknown}
Wands
 k - a wand of polymorph (8)
Scrolls
 b - a scroll of identify
 d - a scroll of remove curse
 i - a scroll of teleportation {unknown}
 j - a scroll of noise {unknown}
Comestibles
 c - 2 rations


   Skills:
 - Level 1.1 Fighting
 - Level 1.7 Dodging
 * Level 5.0 Unarmed Combat
 + Level 3.2 Spellcasting
 + Level 3.3 Transmutations


You had 4 spell levels left.
You knew the following spells:

 Your Spells              Type           Power        Failure   Level  Hunger
a - Beastly Appendage     Tmut           ##....       5%          1    #......
b - Sticks to Snakes      Tmut           ##......     9%          2    ##.....
c - Spider Form           Tmut/Pois      #.........   32%         3    ###....

Your spell library contained the following spells:

 Spells                   Type           Power        Failure   Level  Hunger
 Ice Form                 Ice/Tmut       #.......     71%         4    #####..
 Blade Hands              Tmut           ##........   83%         5    ######.


Dungeon Overview and Level Annotations

Branches:
Dungeon (4/15)
 Temple: D:4-7

Altars:


Innate Abilities, Weirdness & Mutations

Your plain brown scales are hard. (AC +5)
You cannot fit into any form of body armour.
You are cold-blooded and may be slowed by cold attacks.


Message History

You feel sick.
Casting: Spider Form (safe; 32% risk of failure)
Confirm with . or Enter, or press ? or * to list all spells.
You miscast Spider Form.
You are very lightly contaminated with residual magic.
Your hands glow momentarily.
* * * LOW HITPOINT WARNING * * *
You feel sick. The orc hits you but does no damage.
You are more poisoned.
You hit the orc but do no damage.
The orc is heavily wounded.
* * * LOW HITPOINT WARNING * * *
You feel sick. The orc hits you but does no damage.
You feel yourself speed up.
* * * LOW HITPOINT WARNING * * *
You feel sick.
The orc hits you with a +0 short sword of venom!
* * * LOW HITPOINT WARNING * * *
You are more poisoned.
You die...

. # . .#. # #.# #.#.#
#.#.####.# #..o.....#
####)###### ##+##
#...@.....# ##...##
#.##.####.###.....##
#.##).###.##.......##
#.##...##)#.........#
#.#...)).)'.>.......'
#.##...##.#.........#
#.###.###.##.......##
#.........###.....##
#####.##### ##...##


You could see an orc.

Vanquished Creatures
  A hound (D:4)
  A gnoll shaman (D:4)
  An orc wizard (D:3)
  An orc priest (D:3)
  A hound zombie (D:3)
  2 adders (D:3)
  3 worms
  3 dart slugs
  3 leopard geckos
  6 orcs (D:3)
  2 giant cockroaches
  3 goblins
  2 hobgoblins
  3 quokkas
  5 bats
  6 kobolds
  9 rats
52 creatures vanquished.

Vanquished Creatures (collateral kills)
  An orc (D:3)
  A goblin (D:2)
2 creatures vanquished.

Grand Total: 54 creatures vanquished

Notes
Turn   | Place    | Note
-------+----------+-------------------------------------------
     0 | D:1      | kae the Draconian Transmuter began the quest for the Orb.
     0 | D:1      | Reached XP level 1. HP: 16/16 MP: 3/3
    66 | D:1      | Reached XP level 2. HP: 6/23 MP: 3/5
  1010 | D:2      | Learned a level 2 spell: Sticks to Snakes
  1134 | D:2      | Reached XP level 3. HP: 12/28 MP: 1/6
  1332 | D:2      | You fall into a shaft and drop 2 floors!
  1382 | D:4      | Noticed an angel
  1396 | D:4      | Reached skill level 4 in Unarmed Combat
  1419 | D:3      | Reached XP level 4. HP: 19/35 MP: 7/7
  1457 | D:3      | Learned a level 3 spell: Spider Form
  1757 | D:3      | Reached XP level 5. HP: 24/40 MP: 5/9
  1969 | D:3      | Reached skill level 5 in Unarmed Combat
  1975 | D:3      | HP: 1/40 [orc/+0 short sword of venom (7)]
  1976 | D:3      | Succumbed to an orc's poison

Levels and vault maps discovered:
D:1:      roderic_crop_circles_arrival_small, layout_loops_ring
D:2:      layout_rooms, lemuel_round_altar, tso_metal_star, first_ration
D:3:      layout_loops_corners, gup_sewer_entry_spiral
D:4:      layout_rooms, grunt_temple_overflow_order_and_chaos_1,
          nicolae_overflow_hidden_temple

Skill      XL: |  1  2  3  4  5 |
---------------+----------------+-----
Unarmed Combat | 4 5 |  5.0
Transmutations | 3 |  3.3
Spellcasting   | 3 |  3.2
Fighting       | |  1.1
Dodging        | |  1.7

Action                   |  1- 3 |  4- 6 || total
-------------------------+-------+-------++-------
Melee: Unarmed           |    95 |    95 ||   190
       Tailslap          |     8 |     7 ||    15
       Headbutt          |     2 |       ||     2
       Kick              |     7 |     1 ||     8
       Punch             |     1 |       ||     1
 Cast: Beastly Appendage |     9 |     6 ||    15
       Sticks to Snakes  |     3 |     3 ||     6
       Spider Form       |       |     4 ||     4
  Use: Scroll            |     3 |       ||     3
       Potion            |       |     2 ||     2
  Eat: Chunk             |     2 |     2 ||     4
Armor: Skin              |    41 |    19 ||    60
Dodge: Dodged            |    71 |    62 ||   133

Table legend:
 A = Non-vault XP
 B = Vault XP
 C = Vault XP percentage of total XP
 D = Non-vault monster count
 E = Vault monster count
 F = Vault count percentage of total count
                 A         B        C        D         E       F
            +---------+---------+-------+---------+---------+-------
      Total |     306 |       0 |   0.0 |      54 |       0 |   0.0
            +---------+---------+-------+---------+---------+-------
        D:1 |      26 |       0 |   0.0 |      15 |       0 |   0.0
        D:2 |      19 |       0 |   0.0 |      11 |       0 |   0.0
        D:3 |     172 |       0 |   0.0 |      24 |       0 |   0.0
        D:4 |      89 |       0 |   0.0 |       4 |       0 |   0.0
            +---------+---------+-------+---------+---------+-------
